[ PARTIDA AOE2 · #484200495 ]
1v1 RMTurcos vs Britons
Equipo del jugador · DERR
Equipo rival · VICT
[ ANÁLISIS DE REPETICIÓN · EXTRAÍDO DE LA PARTIDA GRABADA ]
Feudal
11:34
Castillos
—
Imperial
—
| APM promedio | 42.9 |
| APM pico | 89 |
| eAPM promedio | 14.2 |
| Aldeanos / militares | 38 / 0 |
Foco
⚔️ 2.6% · 🌾 97.4%
Feudal
10:12
Castillos
—
Imperial
—
| APM promedio | 24.0 |
| APM pico | 67 |
| eAPM promedio | 10.3 |
| Aldeanos / militares | 33 / 5 |
Foco
⚔️ 14.5% · 🌾 85.5%
Spearman ×2 · Skirmisher ×2 · Archer ×1
Mapa de la partida
Recursos al inicio + cada clic de construcción. Línea gruesa = muro · recuadro discontinuo = muro de casas detectado. 🟡 oro · ⚪ piedra · 🟢 bayas · 🔶 jabalí · ⭕ reliquia
Inputs por minuto
— celismx - - BOCANEGRA
Build order — celismx
76 acciones detectadas en el replay
| 0:34 | Crear | Villager (Male) |
| 0:35 | Crear | Villager (Male) |
| 0:42 | Construir | House |
| 0:56 | Crear | Villager (Male) |
| 0:56 | Crear | Villager (Male) |
| 1:02 | Construir | House |
| 2:29 | Crear | Villager (Male) |
| 2:29 | Crear | Villager (Male) |
| 2:30 | Crear | Villager (Male) |
| 3:03 | Construir | Lumber Camp |
| 3:12 | Crear | Villager (Male) |
| 3:12 | Crear | Villager (Male) |
| 3:47 | Crear | Villager (Male) |
| 3:47 | Crear | Villager (Male) |
| 3:56 | Construir | House |
| 4:15 | Crear | Villager (Male) |
| 4:15 | Crear | Villager (Male) |
| 4:26 | Crear | Villager (Male) |
| 4:26 | Crear | Villager (Male) |
| 5:26 | Crear | Villager (Male) |
| 5:54 | Crear | Villager (Male) |
| 5:54 | Crear | Villager (Male) |
| 5:54 | Crear | Villager (Male) |
| 6:21 | Crear | Villager (Male) |
| 6:29 | Construir | House |
| 7:09 | Crear | Villager (Male) |
| 7:28 | Construir | Mill |
| 7:44 | Crear | Villager (Male) |
| 8:07 | Construir | Farm |
| 8:12 | Construir | Farm |
| 8:19 | Construir | Farm |
| 8:22 | Crear | Villager (Male) |
| 8:37 | Crear | Villager (Male) |
| 8:46 | Construir | Farm |
| 8:54 | Crear | Villager (Male) |
| 9:06 | Construir | Farm |
| 9:10 | Crear | Villager (Male) |
| 9:24 | Investigar | Feudal Age |
| 9:24 | Investigar | Feudal Age |
| 9:38 | Construir | House |
| 9:40 | Construir | House |
| 9:43 | Construir | House |
| 9:53 | Construir | House |
| 9:57 | Construir | Palisade Wall |
| 10:07 | Construir | Farm |
| 10:14 | Construir | Farm |
| 10:33 | Crear | Villager (Male) |
| 11:34 | Edad | Edad Feudal |
| 11:34 | Construir | Mill |
| 11:41 | Crear | Villager (Male) |
| 11:47 | Investigar | Horse Collar |
| 11:47 | Investigar | Horse Collar |
| 11:51 | Investigar | Double-Bit Axe |
| 11:51 | Investigar | Double-Bit Axe |
| 12:17 | Crear | Villager (Male) |
| 12:30 | Construir | Mining Camp |
| 12:32 | Crear | Villager (Male) |
| 12:39 | Construir | House |
| 12:43 | Construir | Palisade Wall |
| 13:00 | Construir | Farm |
| 13:02 | Construir | Farm |
| 13:09 | Construir | Farm |
| 13:11 | Crear | Villager (Male) |
| 13:11 | Crear | Villager (Male) |
| 13:28 | Construir | Farm |
| 13:36 | Construir | Farm |
| 13:38 | Crear | Villager (Male) |
| 14:03 | Crear | Villager (Male) |
| 14:12 | Construir | Farm |
| 14:35 | Construir | Blacksmith |
| 14:40 | Crear | Villager (Male) |
| 15:08 | Crear | Villager (Male) |
| 15:14 | Crear | Villager (Male) |
| 15:43 | Construir | Barracks |
| 15:48 | Crear | Villager (Male) |
| 16:11 | Construir | Market |
Build order — BOCANEGRA
71 acciones detectadas en el replay
| 0:01 | Crear | Villager (Male) ×4 |
| 0:04 | Construir | House |
| 0:05 | Construir | House |
| 1:54 | Crear | Villager (Male) |
| 1:54 | Crear | Villager (Male) |
| 2:24 | Construir | Lumber Camp |
| 2:28 | Crear | Villager (Male) |
| 2:29 | Crear | Villager (Male) |
| 2:29 | Crear | Villager (Male) |
| 3:03 | Crear | Villager (Male) |
| 3:04 | Crear | Villager (Male) |
| 3:33 | Construir | House |
| 3:37 | Crear | Villager (Male) |
| 3:38 | Crear | Villager (Male) |
| 3:46 | Crear | Villager (Male) |
| 3:46 | Crear | Villager (Male) |
| 4:41 | Construir | House |
| 5:14 | Crear | Villager (Male) |
| 5:14 | Crear | Villager (Male) |
| 6:01 | Construir | Mill |
| 6:09 | Crear | Villager (Male) |
| 6:39 | Crear | Villager (Male) |
| 7:00 | Crear | Villager (Male) |
| 7:29 | Crear | Villager (Male) |
| 7:52 | Construir | House |
| 8:02 | Investigar | Feudal Age |
| 8:03 | Investigar | Loom |
| 8:13 | Crear | Villager (Male) |
| 8:25 | Construir | Barracks |
| 8:39 | Construir | Mining Camp |
| 9:27 | Construir | Palisade Wall |
| 9:30 | Construir | House |
| 9:42 | Construir | Farm |
| 9:47 | Construir | Farm |
| 10:12 | Edad | Edad Feudal |
| 10:23 | Construir | Palisade Wall |
| 10:26 | Investigar | Double-Bit Axe |
| 10:32 | Crear | Villager (Male) |
| 10:34 | Crear | Villager (Male) |
| 10:38 | Crear | Spearman |
| 10:39 | Crear | Spearman |
| 10:41 | Investigar | Horse Collar |
| 11:38 | Construir | Archery Range |
| 11:43 | Construir | Palisade Gate |
| 11:48 | Crear | Villager (Male) |
| 11:57 | Construir | Lumber Camp |
| 12:01 | Crear | Villager (Male) |
| 12:30 | Crear | Villager (Male) |
| 12:38 | Construir | Farm |
| 12:45 | Construir | Farm |
| 13:00 | Construir | Mining Camp |
| 13:14 | Crear | Villager (Male) |
| 13:15 | Crear | Villager (Male) |
| 13:17 | Crear | Skirmisher |
| 13:17 | Crear | Skirmisher |
| 13:19 | Crear | Archer |
| 14:09 | Construir | House |
| 14:10 | Construir | House |
| 14:16 | Construir | Palisade Wall |
| 14:19 | Crear | Villager (Male) |
| 14:20 | Crear | Villager (Male) |
| 14:27 | Construir | House |
| 14:31 | Construir | House |
| 14:37 | Construir | House |
| 15:15 | Crear | Villager (Male) |
| 15:16 | Crear | Villager (Male) |
| 15:24 | Construir | Farm |
| 15:26 | Construir | Farm |
| 15:37 | Construir | Farm |
| 15:46 | Construir | Farm |
| 16:18 | Construir | Farm |
Cronología de la partida
| 8:25 | BOCANEGRA · first_building Barracks |
| 9:27 | BOCANEGRA · wall_segment Palisade Wall x4 |
| 9:57 | celismx · wall_segment Palisade Wall x1 |
| 10:12 | BOCANEGRA · age_up feudal |
| 10:23 | BOCANEGRA · wall_segment Palisade Wall x11 |
| 11:34 | celismx · age_up feudal |
| 11:38 | BOCANEGRA · first_building Archery Range |
| 12:43 | celismx · wall_segment Palisade Wall x1 |
| 14:16 | BOCANEGRA · wall_segment Palisade Wall x17 |
| 15:43 | celismx · first_building Barracks |
| 16:19 | celismx · resign |
[ ANÁLISIS IA · 1 CRÉDITO ]
¿Qué pasó realmente en esta partida?
Wolo.gg analiza cada decisión: build order, eco, micro, errores típicos por bracket. Análisis personalizado por WhatsApp o Discord en 30 segundos.
Guía civ
Turcos
Guía mapa
Gold Rush
Perfil
celismx